 Dungeon Crawl Stone Soup version 0.29-a0-251-g80730f7218 (webtiles) character file.

Game seed: 445637612697387797

8153 fragbeetle the Soothsayer (level 11, -7/76 HPs)
             Began as a Djinni Venom Mage on Mar 6, 2022.
             Was a Priest of Nemelex Xobeh.
             Mangled by a white ugly thing (30 damage)
             ... on level 10 of the Dungeon.
             The game lasted 00:32:01 (14659 turns).

fragbeetle the Soothsayer (Djinni Venom Mage)      Turns: 14659, Time: 00:32:02

Health: -7/76      AC: 10    Str:  6    XL:     11   Next: 50%
Gold:   258        EV: 13    Int: 26    God:    Nemelex Xobeh [***...] SH:  0 Dex: 12

rFire   + + .      SeeInvis +   b - staff of conjuration
rCold   x . .      Faith    .   (no shield)
rNeg    . . .      Spirit   .   O - +3 leather armour of Juocs {rElec rPois Stlth-}
rPois   ∞          Reflect  .   j - +0 helmet
rElec   +          Harm     .   x - +0 cloak
rCorr   +          Rampage  .   F - +1 pair of gloves of Untold Secrets {rCorr Str-3 Int+8 Dex-3}
Will    +....                   (boots unavailable)
Stlth   ..........              (no amulet)
HPRegen 0.22/turn               D - ring of see invisible
MPRegen 0.00/turn               (no ring)

@: flying
A: sickness immunity, fire resistance 2, cold vulnerability 1, float, innate
caster, HP casting, extra vitality 1
a: Renounce Religion, Draw Escape, Draw Destruction, Draw Summoning, Triple Draw


You were on level 10 of the Dungeon.
You worshipped Nemelex Xobeh.
Nemelex Xobeh was most pleased with you.
You visited 2 branches of the dungeon, and saw 11 of its levels.
You also visited: Ossuary.

You collected 475 gold pieces.
You spent 217 gold pieces at shops.

Inventory:

Hand Weapons
 a - a +3 short sword
 k - a +1 dagger of freezing
 s - a +3 scimitar
 B - a +2 vorpal spear
 E - a +0 hand crossbow
 P - a +2 war axe of flaming
 S - a +2 demon whip of venom
Missiles
 i - 4 boomerangs of dispersal
 r - 4 javelins
Armour
 j - a +0 helmet (worn)
 x - a +0 cloak (worn)
 y - a +0 buckler of cold resistance
 F - the +1 pair of gloves of Untold Secrets (worn) {rCorr Str-3 Int+8 Dex-3}
   (You found it on level 7 of the Dungeon)

   Str:       It affects your strength (-3).
   Int:       It affects your intelligence (+8).
   Dex:       It affects your dexterity (-3).
   rCorr:     It protects you from acid and corrosion.
 O - the +3 leather armour of Juocs (worn) {rElec rPois Stlth-}
   (You took it off an orc wizard on level 9 of the Dungeon)

   rElec:     It insulates you from electricity.
   rPois:     It protects you from poison.
   Stlth:     It makes you less stealthy.
 Q - +2 swamp dragon scales
Magical Staves
 b - a staff of conjuration (weapon)
Jewellery
 D - a ring of see invisible (left hand)
 M - a +4 ring of slaying
 N - a ring of willpower
 T - a ring of wizardry
Wands
 m - a wand of mindburst (10)
 o - a wand of polymorph (8)
 A - a wand of flame (21)
Scrolls
 c - 3 scrolls of immolation
 h - 2 scrolls of noise {unknown}
 l - a scroll of summoning
 n - 2 scrolls of vulnerability
 p - 4 scrolls of enchant weapon
 q - 2 scrolls of magic mapping
 t - 3 scrolls of teleportation
 u - 2 scrolls of fog
 C - 2 scrolls of fear
 G - a scroll of blinking
 H - a scroll of torment
 R - a scroll of brand weapon {unknown}
Potions
 d - 5 potions of curing
 e - a potion of ambrosia
 f - a potion of might
 g - a potion of haste
 v - 2 potions of mutation
 w - a potion of attraction {unknown}
 z - a potion of brilliance {unknown}
 I - a potion of lignification {unknown}
 J - a potion of invisibility
 L - a potion of heal wounds {unknown}
Miscellaneous
 K - a phantom mirror


   Skills:
 - Level 6.0 Fighting
 + Level 5.9 Staves
 + Level 7.5 Dodging
 - Level 1.5 Stealth
 - Level 7.0 Spellcasting
 - Level 10.0 Invocations


You had 2 spell levels left.
You knew the following spells:

 Your Spells              Type           Power      Damage    Failure   Level
a - Sting                 Tmut/Pois      100%       1d8       1%          1
b - Poisonous Vapours     Pois/Air       90%        N/A       1%          2
c - Mephitic Cloud        Conj/Pois/Air  62%        N/A       1%          3
d - Olgreb's Toxic Radia  Pois           45%        N/A       5%          4
e - Summon Small Mammal   Summ           100%       N/A       1%          1
f - Blink                 Tloc           90%        N/A       1%          2
g - Searing Ray           Conj           100%       2d8       1%          2
h - Lesser Beckoning      Tloc           45%        N/A       1%          3
i - Hailstorm             Conj/Ice       62%        3d13      5%          4
Your spell library was empty.

Dungeon Overview and Level Annotations

Branches:
Dungeon (10/15)            Temple (1/1) D:5            Lair (0/6) D:9
Ossuary (visited)
    Orc: D:9-12

Altars:
Ashenzari
Cheibriados
Dithmenos
Elyvilon
Fedhas
Gozag
Hepliaklqana
Kikubaaqudgha
Makhleb
Nemelex Xobeh
Okawaru
Qazlal
Ru
Sif Muna
Trog
Uskayaw
Vehumet
Wu Jian
Xom
Yredelemnul
Zin
The Shining One

Shops:
D:8 [

Annotations:
D:3 1 runed translucent door, jfcaron's ghost, amateur DsFi


Innate Abilities, Weirdness & Mutations

You are immune to sickness and miasma.
You are immune to poison.
Your flesh is very heat resistant. (rF++)
You are vulnerable to cold. (rC-)
You float through the air rather than walking.
You learn spells naturally, not from books.
Your magical power is your life essence.
You have superior vitality. (+4 MHP)


Message History

The white ugly thing is poisoned.
You kill the centaur!
You kill the orc warrior!
Unknown command.
Casting: Olgreb's Toxic Radiance (dangerous; 5% risk of failure)
Confirm with . or Enter, or press ? or * to list all spells.
Aiming: Poisonous Vapours (safe; 1% risk of failure)
Press: ? - help, Dir - move target, f - white ugly thing
Aim: a white ugly thing (lightly wounded, poisoned) Poisonous vapours surround the white ugly thing!
The white ugly thing looks as sick as possible! x2
Unknown command.
Casting: Poisonous Vapours (safe; 1% risk of failure)
Confirm with . or Enter, or press ? or * to list all spells.
Okay, then.
Unknown command.
The white ugly thing looks as sick as possible!
Your toxic aura wanes.
Casting: Poisonous Vapours (safe; 1% risk of failure)
Confirm with . or Enter, or press ? or * to list all spells.
Okay, then.
Casting: Poisonous Vapours (safe; 1% risk of failure)
Confirm with . or Enter, or press ? or * to list all spells.
You can't see any susceptible monsters within range! (Use Z to cast anyway.)
Casting: Poisonous Vapours (safe; 1% risk of failure)
Confirm with . or Enter, or press ? or * to list all spells.
Aiming: Searing Ray (safe; 1% risk of failure)
Press: ? - help, Shift-Dir - straight line, f/p - white ugly thing
Aim: a white ugly thing (moderately wounded, extremely poisoned, 83% to hit)
You feel a surge of power!
The searing ray hits the white ugly thing!
The white ugly thing is moderately wounded. (Press . to maintain the ray.)
The searing ray hits the white ugly thing!
The white ugly thing is heavily wounded.
The searing ray hits the white ugly thing.
The white ugly thing is severely wounded.
The white ugly thing pecks you. The white ugly thing freezes you!!
You feel a terrible chill!
You die...
Your body glows with a rainbow of weird colours and disappears.

###.......#...#
####
#..#.#.......##
##
#.....@u)..))..
#....###..##...
#... ..# #..
.... #. ....# #
."..# ≈...#
≈...#


You could see a white ugly thing (extremely poisoned).

Vanquished Creatures
  A two-headed ogre (D:8)
  Amaemon (D:9)
  Pikel (D:9)
  Maurice (D:9)
  An orange demon (D:9)
  Maggie (D:9)
  A troll (D:9)
  A wyvern (D:8)
  4 yaks (D:9)
  Eustachio (D:4)
  2 basilisks (D:9)
  2 steam dragons
  A water moccasin (D:8)
  3 orc warriors
  2 sky beasts (D:7)
  An ogre (D:5)
  5 centaurs
  A phantom (D:6)
  4 lemures (D:9)
  3 kobold brigands
  3 bullfrogs
  3 elf skeletons (D:7)
  A necrophage (D:6)
  3 scorpions
  7 wights (D:9)
  3 killer bees (D:9)
  2 electric eels (D:7)
  A crimson imp (D:4)
  2 howler monkeys (D:10)
  A human zombie (Ossuary)
  5 hounds
  2 jellies (D:6)
  4 orc priests
  An iguana (D:7)
  A human skeleton (D:7)
  16 orc wizards
  A mummy (Ossuary)
  Robin (D:2)
  4 gnolls (D:5)
  10 adders
  A white imp (D:8)
  An ufetubus (D:7)
  5 adder zombies (Ossuary)
  2 worms (D:3)
  2 dart slugs (D:1)
  36 orcs
  8 endoplasms
  3 giant cockroaches
  13 goblins
  6 hobgoblins
  4 jackals (D:4)
  2 quokkas
  7 ball pythons
  7 bats
  2 frilled lizards (D:1)
  6 goblin zombies (Ossuary)
  2 hobgoblin zombies (Ossuary)
  15 kobolds
  An orc skeleton (D:7)
  An orc zombie (D:7)
  3 quokka zombies (Ossuary)
  8 rats
  A rat zombie (Ossuary)
244 creatures vanquished.

Vanquished Creatures (collateral kills)
  An elephant (D:9)
  2 mummies (Ossuary)
  2 orcs (D:7)
  A goblin (D:2)
6 creatures vanquished.

Vanquished Creatures (others)
  An ufetubus (D:7)
  41 plants (D:4)
  2 withered plants (D:3)
44 creatures vanquished.

Grand Total: 294 creatures vanquished

Notes
Turn   | Place    | Note
-------+----------+-------------------------------------------
     0 | D:1      | fragbeetle the Djinni Venom Mage began the quest for the
                  | Orb.
     0 | D:1      | Reached XP level 1. HP: 15/15 MP: 0/0
   249 | D:1      | Reached XP level 2. HP: 19/22 MP: 0/0
   520 | D:1      | Found a faded altar of an unknown god.
   525 | D:1      | Reached skill level 1 in Fighting
   632 | D:1      | Reached XP level 3. HP: 3/27 MP: 0/0
   632 | D:1      | Learned a level 1 spell: Summon Small Mammal
  1588 | D:2      | Noticed Robin
  1599 | D:2      | Killed Robin
  1625 | D:1      | Reached XP level 4. HP: 7/32 MP: 0/0
  3350 | D:3      | Found a runed translucent door.
  3498 | D:3      | Found a sparkling altar of Nemelex Xobeh.
  3628 | D:3      | Became a worshipper of Nemelex Xobeh the Trickster
  3642 | D:3      | Reached XP level 5. HP: 23/38 MP: 0/0
  3642 | D:3      | Learned a level 2 spell: Blink
  4522 | D:3      | Noticed jfcaron's ghost (amateur DsFi)
  5030 | D:4      | Noticed Eustachio
  5036 | D:4      | Reached XP level 6. HP: 8/45 MP: 0/0
  5043 | D:4      | Killed Eustachio
  5411 | D:4      | Reached XP level 7. HP: 40/50 MP: 0/0
  5411 | D:4      | Learned a level 2 spell: Searing Ray
  5521 | D:4      | Reached * piety under Nemelex Xobeh
  5521 | D:4      | Received a gift from Nemelex Xobeh
  5734 | D:4      | Found a burning altar of Makhleb.
  5744 | D:4      | Reached skill level 5 in Spellcasting
  6240 | D:5      | Entered Level 5 of the Dungeon
  6655 | D:5      | Reached XP level 8. HP: 54/58 MP: 0/0
  6688 | D:5      | Found a staircase to the Ecumenical Temple.
  6697 | Temple   | Entered the Ecumenical Temple
  7531 | D:6      | Reached skill level 5 in Fighting
  8089 | D:6      | Reached ** piety under Nemelex Xobeh
  8733 | D:7      | Reached XP level 9. HP: 42/66 MP: 0/0
  8733 | D:7      | Learned a level 3 spell: Lesser Beckoning
  8807 | D:7      | Received a gift from Nemelex Xobeh
  8839 | D:7      | Reached skill level 1 in Invocations
  8858 | D:7      | Reached skill level 2 in Invocations
  8944 | D:7      | Reached skill level 3 in Invocations
  8977 | D:7      | Identified the +1 pair of gloves of Untold Secrets {rCorr
                  | Str-3 Int+8 Dex-3}
  9201 | D:7      | Reached skill level 4 in Invocations
  9240 | D:7      | Found a sand-covered staircase.
  9328 | Ossuary  | Entered an ossuary
  9620 | Ossuary  | Reached skill level 5 in Invocations
 10281 | D:7      | Found an iron altar of Okawaru.
 10281 | D:7      | Found a blossoming altar of Fedhas.
 10283 | D:7      | Found a shimmering altar of Xom.
 10601 | D:7      | Reached skill level 6 in Invocations
 11097 | D:8      | Reached skill level 7 in Invocations
 11193 | D:8      | Reached XP level 10. HP: 65/72 MP: 0/0
 11291 | D:8      | Found Utzont's Antique Armour Shoppe.
 11295 | D:8      | Bought a runed buckler for 217 gold pieces
 11306 | D:8      | Noticed a two-headed ogre
 11311 | D:8      | Reached skill level 8 in Invocations
 11319 | D:8      | Killed a two-headed ogre
 11320 | D:8      | Reached skill level 9 in Invocations
 11511 | D:8      | Reached *** piety under Nemelex Xobeh
 11530 | D:8      | Received a gift from Nemelex Xobeh
 12450 | D:9      | Reached skill level 10 in Invocations
 12860 | D:9      | Reached skill level 1 in Staves
 13115 | D:9      | Identified the +3 leather armour of Juocs {rElec rPois
                  | Stlth-}
 13533 | D:9      | Noticed Maurice
 13543 | D:9      | Killed Maurice
 13657 | D:9      | Noticed Maggie
 13686 | D:9      | Killed Maggie
 13687 | D:9      | Reached skill level 5 in Dodging
 13687 | D:9      | Reached XP level 11. HP: 76/76 MP: 0/0
 13687 | D:9      | Learned a level 4 spell: Hailstorm
 13769 | D:9      | Noticed Pikel
 13771 | D:9      | Noticed an elephant
 13774 | D:9      | Killed Pikel
 13957 | D:9      | Killed an elephant
 13958 | D:9      | Reached skill level 5 in Staves
 14011 | D:9      | Found a staircase to the Lair.
 14064 | D:9      | Noticed Amaemon
 14083 | D:9      | Killed Amaemon
 14358 | D:9      | Received a gift from Nemelex Xobeh
 14556 | D:10     | Entered Level 10 of the Dungeon
 14568 | D:10     | Noticed a tengu warrior
 14568 | D:10     | Noticed a two-headed ogre
 14653 | D:10     | Noticed a white ugly thing
 14659 | D:10     | Mangled by a white ugly thing

Illustrated notes

Levels and vault maps discovered:
D:1:      heliophobic_arrival_ceremonial_halls, layout_loops_corners,
          basic_ecumenical_altar
D:2:      layout_basic, uniq_robin
D:3:      layout_basic, nemelex_diamond_rough_becter, gammafunk_ghost_grave,
          fountainhead, kennysheep_doodads, minmay_diced_spiral
D:4:      layout_basic, grunt_temple_overflow_lords_of_destruction,
          serial_bayou, serial_bayou_shore_b, serial_bayou_pond_c,
          serial_bayou_lake_a, serial_bayou_ford_a, uniq_eustachio
D:5:      layout_cave_pools, minmay_temple_entry_junction_2
D:6:      layout_basic, grunt_ministairs_11
D:7:      layout_basic, gammafunk_temple_overflow_claw,
          nicolae_ossuary_entry_catacombs, kennysheep_cross_room,
          grunt_decor_junction
D:8:      layout_cave_pods, serial_shops, nicolae_shop_waterfront,
          minmay_strange_pillars
D:9:      layout_basic, david_lair_generic, uniq_maurice, uniq_maggie,
          uniq_amaemon, uniq_pikel
D:10:     minmay_diamond_stairs, layout_basic, eino_tiny_chamber
Temple:   nicolae_temple_elliptical

Skill      XL: |  1  2  3  4  5  6  7  8  9 10 11 |
---------------+----------------------------------+-----
Fighting       | 1 2 3 4 6 |  6.0
Spellcasting   | 3 4 5 7 |  7.0
Invocations    | 7 10 | 10.0
Staves         | 3 5 |  5.9
Dodging        | 5 7 |  7.5
Stealth        | |  1.5

Action                   |  1- 3 |  4- 6 |  7- 9 | 10-12 || total
-------------------------+-------+-------+-------+-------++-------
Melee: Short sword       |    16 |    59 |    61 |     8 ||   144
       Punch             |       |     2 |     2 |     1 ||     5
       Staff             |       |       |     2 |    45 ||    47
 Cast: Sting             |    43 |    63 |    52 |    11 ||   169
       Poisonous Vapours |     2 |    25 |    60 |    21 ||   108
       Mephitic Cloud    |     1 |     1 |     2 |     2 ||     6
       Summon Small Mamm |       |     4 |     1 |     1 ||     6
       Searing Ray       |       |       |    41 |    18 ||    59
       Olgreb's Toxic Ra |       |       |     5 |    20 ||    25
Invok: Draw Destruction  |       |       |     2 |     2 ||     4
       Draw Summoning    |       |       |     2 |     1 ||     3
Evoke: Wand              |       |       |       |     4 ||     4
  Use: Scroll            |       |     1 |    15 |       ||    16
       Potion            |       |     1 |       |       ||     1
 Stab: Confused          |       |     2 |     1 |     1 ||     4
       Sleeping          |       |     2 |       |       ||     2
Armor: Robe              |     6 |    11 |     1 |     8 ||    26
       Leather armour    |       |    22 |    45 |     6 ||    73
       Steam dragon scal |       |       |       |    22 ||    22
Dodge: Dodged            |    20 |    65 |    75 |    59 ||   219

Table legend: (Time is in decaauts)
 A = Elapsed time spent in this place.
 B = Non-inter-level travel time spent in this place.
 C = Inter-level travel time spent in this place.
 D = Time resting spent in this place.
 E = Time spent auto-exploring this place.
 F = Levels seen in this place.
 G = Mean time per level.
                   A        B        C        D        E       F      G
               +--------+--------+--------+--------+--------+-----+--------+
         Total |  14661 |  14077 |    584 |   1642 |  10220 |  12 | 1221.8 |
       Dungeon |  14069 |  13507 |    562 |   1393 |  10102 |  10 | 1406.9 |
        Temple |    156 |    134 |     22 |      0 |    118 |   1 |  156.0 |
       Ossuary |    435 |    435 |      0 |    249 |      0 |   1 |  435.0 |
               +--------+--------+--------+--------+--------+-----+--------+

Top non-repeatable levels by time:
     D:9: 2103 daAuts
     D:1: 1863 daAuts
     D:7: 1746 daAuts
     D:4: 1733 daAuts
     D:8: 1622 daAuts
     D:3: 1568 daAuts
     D:2: 1358 daAuts
     D:6: 1270 daAuts
     D:5: 760 daAuts
 Ossuary: 435 daAuts
  Temple: 156 daAuts
    D:10: 42 daAuts
